 Dungeon Crawl Stone Soup version 0.28.0-53-g5a82cb258f (webtiles) character file.

Game seed: 8139423821140929938

17 buhh the Vexing (level 2, 0/33 HPs)
             Began as a Formicid Arcane Marksman on June 20, 2022.
             Succumbed to an adder's poison
             ... on level 2 of the Dungeon.
             The game lasted 00:01:19 (256 turns).

buhh the Vexing (Formicid Arcane Marksman)           Turns: 256, Time: 00:01:19

Health: 0/33       AC: 21    Str: 14    XL:     2   Next: 80%
Magic:  3/3        EV:  2    Int: 12    God:
Gold:   16         SH:  0    Dex: 11    Spells: 2/3 levels left

rFire   . . .      SeeInvis .   a - +0 hand crossbow
rCold   . . .      Faith    .   (no shield)
rNeg    + . .      Spirit   .   (armour currently unavailable)
rPois   +          Reflect  .   (helmet unavailable)
rElec   .          Harm     .   (cloak currently unavailable)
rCorr   .          Rampage  .   (gloves currently unavailable)
Will    .....                   (boots currently unavailable)
Stlth   +.........              (no amulet)
HPRegen 0.11/turn               f - ring of positive energy
MPRegen 0.08/turn               (no ring)

@: lethally poisoned (0 -> -13), tree-form
A: stationary, stasis, torment immunity, boosted hp, permanent stasis, dig
shafts and tunnels, (antennae 3), four strong arms
a: no special abilities


You were on level 2 of the Dungeon.
You were a tree.
You visited 1 branch of the dungeon, and saw 2 of its levels.

You collected 16 gold pieces.

Inventory:

Hand Weapons
 a - a +0 hand crossbow (weapon)
Armour
 d - a +0 robe (melded)
Jewellery
 f - a ring of positive energy (left branch)
Scrolls
 e - a scroll of teleportation {unknown}


   Skills:
 * Level 1.6 Fighting
 * Level 2.3 Crossbows
 - Level 1.7 Dodging
 - Level 1.0 Stealth
 - Level 1.1 Spellcasting
 - Level 4.0 Hexes


You had 2 spell levels left.
You knew the following spells:

 Your Spells              Type           Power      Damage    Failure   Level
a - Slow                  Hex            40%        N/A       6%          1

Your spell library contained the following spells:

 Spells                   Type           Power      Damage    Failure   Level
 Inner Flame              Hex/Fire       5%         N/A       36%         3
 Portal Projectile        Hex/Tloc       10%        N/A       36%         3
 Cause Fear               Hex            5%         N/A       50%         4


Dungeon Overview and Level Annotations

Branches:
Dungeon (1/15)

Altars:


Innate Abilities, Weirdness & Mutations

You are a tree.
Your roots penetrate the ground, keeping you stationary.
You cannot be teleported.
You are immune to unholy pain and torment.
Your maximum health is greatly increased.
Your equipment is partially melded.
You cannot be hasted, slowed, berserked, paralysed or teleported.
You can dig through walls and to a lower floor.
((You have a pair of large antennae on your head. (SInv)))
Your four strong arms can wield two-handed weapons with a shield.


Message History

You kill the ball python!
The frilled lizard bites you but does no damage.
You shoot a bolt. The bolt hits the frilled lizard!
You kill the frilled lizard!
Training target 4.0 for Hexes reached!
Your Hexes skill increases to level 4!
c - 5 bolts (gained 1)
c - 6 bolts (gained 1)
You see here a frilled lizard corpse.
Things that are here:
a bolt; a ball python corpse An adder is nearby!
An adder is nearby!
You shoot a bolt. The bolt closely misses the adder.
The adder hisses angrily.
You shoot a bolt. The bolt hits the adder.
The adder is lightly wounded.
You shoot a bolt. The bolt closely misses the adder.
The adder bites you.
You shoot a bolt. The bolt barely misses the adder.
The adder bites you.
You are poisoned.
The adder poisons you! The adder completely misses you.
You shoot a bolt. The bolt barely misses the adder.
You feel sick. The adder bites you.
You are more poisoned.
The adder poisons you! The adder bites you.
You are more poisoned.
The adder poisons you!
You shoot a bolt. The bolt hits the adder.
The adder is moderately wounded.
* * * LOW HITPOINT WARNING * * *
You feel very sick. The adder bites you.
* * * LOW HITPOINT WARNING * * *
The adder bites you.
* * * LOW HITPOINT WARNING * * *
Nothing quivered!
Nothing quivered!
It was a potion of lignification.
You turn into a tree.
Your +0 robe melds into your body.
Your roots penetrate the ground.
You die...

#$....##.....##
..............####
................. #
...............##.
..................
...............#
..$............#{
..........†....#
........(..♣...#
#.....##.(..S....$?
#...## ######(####.
... .(. .. ... #
..((. ..(# ...#


You could see an adder.

Vanquished Creatures
  A worm (D:2)
  2 ball pythons (D:2)
  An endoplasm (D:2)
  A giant cockroach (D:2)
  A goblin (D:1)
  2 hobgoblins (D:1)
  2 quokkas (D:1)
  A bat (D:1)
  A frilled lizard (D:2)
  A kobold (D:1)
13 creatures vanquished.

Notes
Turn   | Place    | Note
-------+----------+-------------------------------------------
     0 | D:1      | buhh the Formicid Arcane Marksman began the quest for the
                  | Orb.
     0 | D:1      | Reached XP level 1. HP: 15/15 MP: 2/2
   138 | D:1      | Reached XP level 2. HP: 21/21 MP: 3/3
   188 | D:1      | You fall into a shaft and drop 1 floor!
   245 | D:2      | Reached skill level 4 in Hexes
   256 | D:2      | Succumbed to an adder's poison

Illustrated notes

Levels and vault maps discovered:
D:1:      lemuel_arrival_cross, layout_basic,
          hellmonk_ecumenical_altar_slurped_away, minmay_gold_behind_fungi,
          palyth_stone_intersect, amcnicky_mini_corridor_feature
D:2:      layout_rooms, serial_shops, shop, nicolae_shop_stone,
          minmay_tetromino_i4

Skill      XL: |  1  2 |
---------------+-------+-----
Stealth        | 1 |  1.0
Hexes          | 4 |  4.0
Fighting       | |  1.6
Crossbows      | |  2.3
Dodging        | |  1.7
Spellcasting   | |  1.1

Action                   || total
-------------------------++-------
 Fire: Hand crossbow     ||    38
 Cast: Slow              ||     3
  Use: Potion            ||     1
Armor: Robe              ||     4
Dodge: Dodged            ||     8
